 Dungeon Crawl Stone Soup version 0.31-a0-523-g071a6c1ffa (webtiles) character file.

Game seed: 3816129891494022866

1998 spiderkeys the Ducker (level 9, -3/62 HPs)
             Began as an Octopode Shapeshifter on Aug 11, 2023.
             Was an Initiate of Gozag.
             Killed from afar by an acid dragon (35 damage)
             ... with a splash of acid
             ... on level 6 of the Dungeon on Aug 12, 2023.
             The game lasted 00:11:14 (6280 turns).

spiderkeys the Ducker (Octopode Shapeshifter)       Turns: 6280, Time: 00:11:15

Health: -3/62      AC: -3    Str: 18    XL:     9   Next: 21%
Magic:  9/9        EV: 15    Int: 12    God:    Gozag
Gold:   639        SH:  0    Dex: 11    Spells: 3/8 levels left

rFire   + . .        n - +6 falchion of Rorar {freeze, Fly rF+ Will+}
rCold   . . .        (no shield)
rNeg    . . .        (helmet currently unavailable)
rPois   .            (no amulet)
rElec   .            (no ring)
rCorr   .            (no ring)
SInv    .            (no ring)
Will    +....        (no ring)
Stlth   ++           (no ring)
HPRegen 0.30/turn    (no ring)
MPRegen 0.11/turn    (no ring)
                     (no ring)

%: no passive effects
@: beast-form, corroded, flying
A: beast (slay +3), almost no armour, amphibious, 8 rings, camouflage 1,
gelatinous body 1, (nimble swimmer 1), tentacles, clumsy 1, strong 1
a: Begin Untransformation, Renounce Religion, Potion Petition, Call Merchant,
Bribe Branch


You were on level 6 of the Dungeon.
You worshipped Gozag.
Gozag was pleased with you.
You were a hulking beast.
You visited 2 branches of the dungeon, and saw 7 of its levels.

You collected 704 gold pieces.
You paid 65 gold pieces to Gozag.


Innate Abilities, Weirdness & Mutations

You are a hulking beast.
Your limbs bulge with bestial killing power. (Slay +3)
You cannot wear most types of armour.
You are amphibious.
You can wear up to eight rings at the same time.
Your skin changes colour to match your surroundings (Stealth+).
Your rubbery body absorbs attacks. (AC +1, EV +1)
((You are camouflaged when in or above water. (Stealth+)))
You have tentacles for arms and can constrict up to eight enemies at once.
You are clumsy. (Dex -2)
Your muscles are strong. (Str +4, Int/Dex -1)


   Skills:
 + Level 5.8 Fighting
 - Level 4.4 Long Blades
 - Level 6.1 Dodging
 - Level 4.5 Unarmed Combat
 + Level 0.1 Spellcasting
 + Level 0.2 Transmutations
 + Level 0.2 Fire Magic
 + Level 0.2 Air Magic
 + Level 0.4 Poison Magic
 + Level 5.7 Shapeshifting


You had 3 spell levels left.
You knew the following spells:

 Your Spells              Type           Power      Damage    Failure   Level
i - Ignite Poison         Fire/Tmut/Pois 0%         N/A       65%         3
p - Poisonous Vapours     Pois/Air       0%         N/A       41%         2

Your spell library contained the following spells:

 Spells                   Type           Power      Damage    Failure   Level
 Cigotuvi's Dreadful Rot  Necr/Pois/Air  0%         N/A       43%         2
 Mephitic Cloud           Conj/Pois/Air  0%         N/A       67%         3
 Hailstorm                Conj/Ice       0%         3d3       69%         3
 Summon Ice Beast         Ice/Summ       0%         N/A       97%         4
 Freezing Cloud           Conj/Ice/Air   0%         6-21      100%        5
 Simulacrum               Ice/Necr       Unusable   N/A       N/A         6

Inventory:

Hand Weapons
 n - the +6 falchion of Rorar (weapon) {freeze, Fly rF+ Will+}
   (You found it on level 4 of the Dungeon)

   rF+:       It protects you from fire.
   Will+:     It increases your willpower.
   Fly:       It grants you flight.
Missiles
 d - 54 stones
 x - 3 poisoned darts
Jewellery
 e - a ring of willpower
   (You found it on level 1 of the Dungeon)
Talismans
 b - a beast talisman (active)
 c - a flux talisman
 t - a serpent talisman
   (You found it on level 3 of the Dungeon)
Wands
 s - a wand of flame (54)
   (You found it on level 6 of the Dungeon)
 B - a wand of roots (3)
   (You found it on level 5 of the Dungeon)
Scrolls
 f - 4 scrolls of teleportation {@r4}
 i - 3 scrolls of noise {!r}
 k - 3 scrolls of enchant armour
 r - a scroll of enchant weapon
 v - a scroll of immolation {unknown}
 y - a scroll of revelation
 A - a scroll of poison {!r}
 C - a scroll of fear
Potions
 a - 2 potions of lignification {!q}
 g - a potion of brilliance
 h - 5 potions of curing {@q1}
 j - a potion of magic
 l - a potion of might
 m - a potion of heal wounds {@q2}
 o - a potion of invisibility
 p - 2 potions of mutation {!q}
 q - a potion of berserk rage {!q}
 u - a potion of haste {unknown}
 w - a potion of ambrosia
 z - a potion of cancellation {unknown}

Dungeon Overview and Level Annotations

Branches:
Dungeon (6/15) Zot: 25856  Temple (1/1) D:4 Zot: 5954

Altars:
Ashenzari
Cheibriados
Dithmenos
Fedhas
Gozag
Hepliaklqana
Nemelex Xobeh
Qazlal
Sif Muna
Uskayaw
Yredelemnul
Zin

§.≈ ≈. ≈. #.# . #.##♣. ♣
#.##.♣♣♣♣♣ ♣♣. #.##D....#
#.. ######.##h....# #.#
#.........##.## #.#
#.........##.# #.#
#.........##.# #.#
#........###.# #.#
#........###.## #.# #
#.............####.###..#
#........####...........#
...#.##.........>.#.######


You could see an acid dragon (catching breath).


Message History

You slash the hound! You freeze the hound. You grab the hound.
You constrict the hound, but do no damage.
The hound barely misses you. The hound bites you. 😕 HP[-3]
You take 3 damage, and now have 53/62 hp.
You slash the hound! You freeze the hound.
You kill the hound!
No target in view!
No target in view!
No target in view!
An orc comes into view.
It is wielding a +0 short sword. 😕 HP[+1]
An orc is nearby!
An orc is nearby!
An orc is nearby!
An orc is nearby!
You see here 6 gold pieces.
You barely miss the orc. You grab the orc. You tentacle-slap the orc.
You kill the orc!
An adder comes into view.
You now have 588 gold pieces (gained 6).
You see here a +0 short sword. 😕 HP[+1] No target in view!
No target in view!
You now have 594 gold pieces (gained 6).
You now have 601 gold pieces (gained 7).
Things that are here:
a +0 whip; a +0 spear You now have 605 gold pieces (gained 4).
You see here a +0 spear.
You now have 611 gold pieces (gained 6).
There is a stone staircase leading up, spattered with blood here.
You see here a +0 spear.
You see here a +0 spear.
Key pressed, stopping explore.
No target in view! 😎 HP[+7]
Your hp is fully restored (62).
No target in view!
No target in view!
No target in view!
Found an escape hatch in the floor.
You now have 624 gold pieces (gained 13).
Found a stone staircase leading up.
No target in view!
No target in view!
No target in view!
You now have 630 gold pieces (gained 6).
Key pressed, stopping explore.
There is an escape hatch in the floor here.
Key pressed, stopping explore.
An adder is nearby!
Found a stone staircase leading down.
You see here a scroll of enchant armour.
The adder hisses angrily.
The adder bites you. 😕 HP[-3]
You take 3 damage, and now have 59/62 hp.
You closely miss the adder. You grab the adder. Your squeeze misses the adder.
You constrict the adder. The adder closely misses you.
The adder bites you. 😕 HP[-3]
You take 3 damage, and now have 56/62 hp.
You hit the adder.
The adder seems to slow down.
You freeze the adder. You squeeze the adder.
You kill the adder! 😕 HP[+1] No target in view!
No target in view!
You now have 639 gold pieces (gained 9).
k - 3 scrolls of enchant armour (gained 1)
There is a stone staircase leading down here.
Key pressed, stopping explore.
v - a scroll labelled NAGYENE WEOFA 😎 HP[+5]
Your hp is fully restored (62).
C - a scroll of fear An acid dragon comes into view.
The acid dragon roars!
An acid dragon is nearby!
An acid dragon is nearby!
The acid dragon spits acid at you. The splash of acid hits you!!
The acid corrodes you! 😮 HP[-28]
You take 28 damage, and now have 34/62 hp.
MASSIVE DAMAGE!! (PAUSE)
You hit the acid dragon. You freeze the acid dragon.
The acid dragon misses you. The acid dragon claws you.
* * * LOW HITPOINT WARNING * * *
😨 HP[-3]
You take 3 damage, and now have 31/62 hp.
You barely miss the acid dragon. The acid dragon completely misses you.
The acid dragon barely misses you.
You hit the acid dragon. You freeze the acid dragon.
You squeeze the acid dragon! The acid dragon spits acid at you.
The splash of acid hits you!!
Ouch! That really hurt!
You die...
Your body crumbles into a pile of gold.

Skill      XL: |  1  2  3  4  5  6  7  8  9 |
---------------+----------------------------+-----
Fighting       | 3 4 5 |  5.8
Dodging        | 3 4 5 6 |  6.1
Unarmed Combat | 4 |  4.5
Shapeshifting  | 4 5 |  5.7
Long Blades    | 2 4 |  4.4
Spellcasting   | |  0.1
Transmutations | |  0.2
Fire Magic     | |  0.2
Air Magic      | |  0.2
Poison Magic   | |  0.4

Action                     |  1- 3 |  4- 6 |  7- 9 || total
---------------------------+-------+-------+-------++-------
  Melee: Unarmed           |    68 |    59 |       ||   127
         Constrict         |    17 |    19 |    28 ||    64
         Tentacles         |    11 |    16 |    25 ||    52
         Punch             |     2 |     1 |     3 ||     6
         Falchion          |       |    11 |   121 ||   132
  Throw: Dart              |       |       |     6 ||     6
    Use: Scroll            |       |     6 |     4 ||    10
         Potion            |       |       |     8 ||     8
   Stab: Sleeping          |    12 |     3 |     3 ||    18
         Distracted        |       |     1 |       ||     1
 Armour: Skin              |     4 |       |     4 ||     8
  Dodge: Dodged            |    32 |    41 |    86 ||   159

Levels and vault maps discovered:
D:1:      eino_arrival_tree_alley, layout_rooms, minmay_misc_feat_five
D:2:      layout_basic, hellmonk_ecumenical_altar_crossroads
D:3:      layout_basic, uniq_grinder
D:4:      kennysheep_big_flooded_room, layout_loops_corners, old_standard_altar,
          minmay_temple_entry_drinking_statues, minmay_misc_feat_chi
D:5:      layout_loops_ring, fedhas_bush_and_centaur_altar,
          amcnicky_mini_rare_corridor_liquid, minmay_holes, uniq_duvessa,
          uniq_edmund, uniq_sigmund
D:6:      layout_rooms, mainiacjoe_overflow_paths
Temple:   dpeg_chambers_temple

Notes
Turn   | Place    | Note
-------+----------+-------------------------------------------
     0 | D:1      | spiderkeys the Octopode Shapeshifter began the quest for
                  | the Orb.
     0 | D:1      | Reached XP level 1. HP: 13/13 MP: 1/1
     0 | D:1      | magus.rc [v1.11.6]
    24 | D:1      | Reached XP level 2. HP: 16/18 MP: 2/2
   177 | D:1      | Reached XP level 3. HP: 17/23 MP: 3/3
   664 | D:2      | HP: 5/24 [goblin/+0 club (3)]
   859 | D:2      | Reached XP level 4. HP: 29/29 MP: 4/4
   975 | D:2      | Reached skill level 2 in Fighting
  1364 | D:2      | Found a faded altar of an unknown god.
  1388 | D:2      | You add the spells Poisonous Vapours, Mephitic Cloud and
                  | Freezing Cloud to your library.
  1656 | D:2      | magus.rc [v1.11.6]
  1965 | D:3      | Noticed Grinder
  1985 | D:3      | HP: 4/29 [Grinder (9)]
  1985 | D:3      | HP: 1/29 [Grinder (3)]
  1986 | D:3      | Killed Grinder
  1987 | D:3      | Reached skill level 3 in Fighting
  1987 | D:3      | Reached skill level 3 in Dodging
  1987 | D:3      | Reached skill level 4 in Unarmed Combat
  1987 | D:3      | Reached XP level 5. HP: 2/36 MP: 5/5
  1987 | D:3      | Reached XP level 6. HP: 2/42 MP: 6/6
  2314 | D:3      | You add the spells Cigotuvi's Dreadful Rot and Ignite
                  | Poison to your library.
  2616 | D:4      | Reached skill level 4 in Shapeshifting
  2740 | D:4      | Found a staircase to the Ecumenical Temple.
  2895 | Temple   | Entered the Ecumenical Temple
  2916 | Temple   | Became a worshipper of Gozag Ym Sagoz the Greedy
  2987 | D:4      | Identified the +6 falchion of Rorar {freeze, Fly rF+ Will+}
  3114 | D:4      | Reached XP level 7. HP: 18/46 MP: 7/7
  3115 | D:4      | HP: 9/46 [phantom (3)]
  3120 | D:4      | Reached skill level 1 in Long Blades
  3120 | D:4      | Reached skill level 4 in Dodging
  3373 | D:4      | Found a basalt altar of Yredelemnul.
  3833 | D:4      | Reached skill level 4 in Fighting
  4055 | D:5      | Entered Level 5 of the Dungeon
  4087 | D:5      | Noticed Sigmund
  4099 | D:5      | Killed Sigmund
  4100 | D:5      | Reached skill level 2 in Long Blades
  4132 | D:5      | Reached XP level 8. HP: 49/54 MP: 8/8
  4192 | D:5      | Found a blossoming altar of Fedhas.
  4640 | D:5      | Noticed Edmund
  4658 | D:5      | Killed Edmund
  4659 | D:5      | Reached skill level 3 in Long Blades
  4659 | D:5      | Reached skill level 5 in Dodging
  4659 | D:5      | Reached skill level 5 in Shapeshifting
  4761 | D:5      | HP: 13/54 [gnoll bouda/+0 club (11)]
  4763 | D:5      | HP: 3/54 [gnoll bouda/+0 club (11)]
  5119 | D:5      | HP: 10/54 [centaur/+0 short sword (6)]
  5121 | D:5      | Reached skill level 5 in Fighting
  5576 | D:5      | You add the spells Hailstorm and Summon Ice Beast to your
                  | library.
  5699 | D:5      | Reached skill level 4 in Long Blades
  5716 | D:5      | Reached XP level 9. HP: 61/61 MP: 9/9
  5722 | D:5      | Reached skill level 6 in Dodging
  5796 | D:5      | Noticed Duvessa
  5796 | D:5      | Noticed Dowan
  5805 | D:5      | Killed Duvessa
  5809 | D:5      | Killed Dowan
  6006 | D:5      | Learned a level 2 spell: Poisonous Vapours
  6010 | D:5      | Learned a level 3 spell: Ignite Poison
  6013 | D:5      | Gained mutation: You are clumsy. (Dex -2) [potion of
                  | mutation]
  6013 | D:5      | Gained mutation: Your muscles are strong. (Str +4, Int/Dex
                  | -1) [potion of mutation]
  6280 | D:6      | Killed from afar by an acid dragon

Vanquished Creatures
  Grinder (D:3)
  Sigmund (D:5)
  Edmund (D:5)
  Duvessa (D:5)
  An ice beast (D:5)
  A black bear (D:5)
  3 ogres
  A centaur (D:5)
  2 phantoms
  A scorpion (D:4)
  Dowan (D:5)
  5 hounds
  A gnoll bouda (D:5)
  A sleepcap (D:5)
  3 iguanas
  2 orc wizards (D:4)
  16 gnolls
  9 adders
  2 worms (D:2)
  A dart slug (D:1)
  12 orcs
  14 ball pythons
  6 bats
  3 endoplasms
  5 giant cockroaches
  9 hobgoblins
  6 jackals (D:1)
  7 kobolds
  2 quokkas
  8 goblins
  6 rats
132 creatures vanquished.

Table legend:
 A = Non-vault XP
 B = Vault XP
 C = Vault XP percentage of total XP
 D = Non-vault monster count
 E = Vault monster count
 F = Vault count percentage of total count
                 A         B        C        D         E       F
            +---------+---------+-------+---------+---------+-------
      Total |    1879 |     976 |  34.2 |     124 |       8 |   6.1
            +---------+---------+-------+---------+---------+-------
        D:1 |      59 |       0 |   0.0 |      34 |       0 |   0.0
        D:2 |      60 |       0 |   0.0 |      19 |       0 |   0.0
        D:3 |      35 |     262 |  88.2 |       8 |       1 |  11.1
        D:4 |     553 |      15 |   2.6 |      32 |       2 |   5.9
        D:5 |    1036 |     699 |  40.3 |      24 |       5 |  17.2
        D:6 |     136 |       0 |   0.0 |       7 |       0 |   0.0
            +---------+---------+-------+---------+---------+-------

Skill      XL: |  1  2  3  4  5  6  7  8  9 |
---------------+----------------------------+-----
Fighting       | 3 4 5 |  5.8
Dodging        | 3 4 5 6 |  6.1
Unarmed Combat | 4 |  4.5
Shapeshifting  | 4 5 |  5.7
Long Blades    | 2 4 |  4.4
Spellcasting   | |  0.1
Transmutations | |  0.2
Fire Magic     | |  0.2
Air Magic      | |  0.2
Poison Magic   | |  0.4

Action                     |  1- 3 |  4- 6 |  7- 9 || total
---------------------------+-------+-------+-------++-------
  Melee: Unarmed           |    68 |    59 |       ||   127
         Constrict         |    17 |    19 |    28 ||    64
         Tentacles         |    11 |    16 |    25 ||    52
         Punch             |     2 |     1 |     3 ||     6
         Falchion          |       |    11 |   121 ||   132
  Throw: Dart              |       |       |     6 ||     6
    Use: Scroll            |       |     6 |     4 ||    10
         Potion            |       |       |     8 ||     8
   Stab: Sleeping          |    12 |     3 |     3 ||    18
         Distracted        |       |     1 |       ||     1
 Armour: Skin              |     4 |       |     4 ||     8
  Dodge: Dodged            |    32 |    41 |    86 ||   159

Illustrated notes

Table legend:
 A = Kills in this place as a percentage of kills in the entire game.
 B = Kills by you in this place as a percentage of kills by you in the entire game.
 C = Kills by friends in this place as a percentage of kills by friends in the entire game.
 D = Other kills in this place as a percentage of other kills in the entire game.
 E = Experience gained in this place as a percentage of experience gained in the entire game.
 F = Experience gained in this place divided by the number of levels of this place that you have seen.
                   A       B       C       D       E      F
               +-------+-------+-------+-------+-------+----------------------
         Total | 100.0 | 100.0 |   N/A |   N/A | 100.0 | 407.9
       Dungeon | 100.0 | 100.0 |   N/A |   N/A | 100.0 | 475.8
               +-------+-------+-------+-------+-------+----------------------

Table legend: (Time is in decaauts)
 A = Elapsed time spent in this place.
 B = Non-inter-level travel time spent in this place.
 C = Inter-level travel time spent in this place.
 D = Time resting spent in this place.
 E = Time spent auto-exploring this place.
 F = Levels seen in this place.
 G = Mean time per level.
                   A        B        C        D        E       F      G
               +--------+--------+--------+--------+--------+-----+--------+
         Total |   6306 |   6032 |    274 |   1161 |   3973 |   7 |  900.9 |
       Dungeon |   6261 |   6027 |    234 |   1161 |   3973 |   6 | 1043.5 |
        Temple |     45 |      5 |     40 |      0 |      0 |   1 |   45.0 |
               +--------+--------+--------+--------+--------+-----+--------+

Top non-repeatable levels by time:
     D:4: 1898 daAuts
     D:5: 1515 daAuts
     D:2: 1041 daAuts
     D:3: 820 daAuts
     D:1: 610 daAuts
     D:6: 374 daAuts
  Temple: 45 daAuts
